 Dungeon Crawl Stone Soup version 0.20-a0-517-g5f97612 (webtiles) character file.

591 AlphabetPasta the Skirmisher (level 7, -12/55 HPs)
             Began as a Mummy Berserker on Jan 24, 2017.
             Was a Believer of Trog.
             Killed by divine providence
             ... invoked by an orc priest
              (17 damage)
             ... on level 4 of the Dungeon.
             The game lasted 00:13:07 (3477 turns).

AlphabetPasta the Skirmisher (Mummy Berserker)      Turns: 3477, Time: 00:13:08

Health: -12/55     AC:  9    Str: 22    XL:     7   Next: 16%
Magic:  8/8        EV: 12    Int:  6    God:    Trog [**....]
Gold:   225        SH:  0    Dex: 12    Spells: 6/6 levels left

rFire    x . .     SeeInvis +   a - +0 hand axe
rCold    + . .     Gourm    .   h - +0 leather armour
rNeg     + + +     Faith    .   (no shield)
rPois    ∞         Spirit   .   j - +2 hat
rElec    .         Reflect  .   k - +0 cloak (curse)
rCorr    .         Harm     .   m - +1 pair of gloves
MR       ++...                  n - +0 pair of boots
Stlth    +.........             (no amulet)
Regen    1.2/turn               (no ring)
                                e - ring of see invisible

@: regenerating
A: no food or potions, fire vulnerability, cold resistance 1, negative energy
resistance 3, torment resistance, unbreathing
a: Trog's Hand, Burn Spellbooks, Renounce Religion


You were on level 4 of the Dungeon.
You worshipped Trog.
Trog was pleased with you.
You were not hungry.

You visited 1 branch of the dungeon, and saw 4 of its levels.

You collected 225 gold pieces.

Inventory:

Hand Weapons
 a - a +0 hand axe (weapon)
Missiles
 g - 32 bolts
Armour
 b - a +0 animal skin
 h - a +0 leather armour (worn)
 j - a +2 hat (worn)
 k - a cursed +0 cloak (worn)
 m - a +1 pair of gloves (worn)
 n - a +0 pair of boots (worn)
Jewellery
 e - a ring of see invisible (left hand)
 o - an uncursed ring of positive energy {unknown}
Wands
 d - a wand of random effects (5/48)
Scrolls
 c - 2 scrolls of recharging
 f - 2 scrolls of fear
 i - 4 scrolls of identify
 l - 2 scrolls of teleportation


   Skills:
 + Level 4.7 Fighting
 * Level 4.5 Axes
 + Level 3.3 Armour
 - Level 1.5 Dodging
 + Level 2.4 Evocations


You had 6 spell levels left.
You didn't know any spells.

Dungeon Overview and Level Annotations

Branches:
Dungeon (4/15)
 Temple: D:4-7

Altars:
Ashenzari
Elyvilon
Vehumet


Innate Abilities, Weirdness & Mutations

You do not eat or drink.
Your flesh is vulnerable to fire.
You are immune to poison.
Your flesh is cold resistant. (rC+)
You are immune to negative energy. (rN+++)
You are immune to unholy pain and torment.
You can survive without breathing.


Message History

The orc priest calls down the wrath of Beogh upon you.
Beogh smites you!
You slash the orc!
The orc is almost dead.
The orc priest invokes the aid of Beogh against you.
Beogh smites you! The orc closely misses you.
You hit the orc.
You kill the orc!
Trog accepts your kill.
The orc priest invokes the aid of Beogh against you.
Beogh smites you!
* * * LOW HITPOINT WARNING * * *
Your skin crawls.
You feel resistant to hostile enchantments.
You closely miss the orc priest.
You feel the effects of Trog's Hand fading.
The orc priest hits you but does no damage.
The orc priest calls down the wrath of Beogh upon you.
Beogh smites you!
You die...

..........#....[†.##
#.(...
.##.....#...#####..##
#..... #######...## ##..##
#!#### #...o# ##..# #..###
#.##o.# ##.####....#
.#########.# #.##
#....#....# ).....%....#
#oo## ######.....
########..#####o.# ##....
###......@..## #....
#...######...###########..
#.### ###........#####.
###.# ##..#####......
###...# ##..# #..#####
#...### ##.###.## ####.###
#..##.# ## ..##.# ##..#.#
#. #....# #####...# #.


You could see an orc priest and an orc.

Vanquished Creatures
  Grinder (D:3)
  A scorpion (D:4)
  An orc priest (D:3)
  Crazy Yiuf (D:2)
  Jessica (D:2)
  3 worker ants (D:4)
  4 gnolls (D:4)
  8 adders
  A shadow imp (D:4)
  An adder skeleton (D:4)
  2 worms
  A dart slug (D:1)
  A leopard gecko (D:3)
  4 orcs
  7 bats
  5 giant cockroaches
  12 goblins
  8 hobgoblins
  4 jackals (D:3)
  4 kobolds
  A quokka (D:3)
  A ball python (D:3)
  5 frilled lizards
  9 rats
86 creatures vanquished.

Notes
Turn   | Place    | Note
-------+----------+-------------------------------------------
     0 | D:1      | AlphabetPasta the Mummy Berserker began the quest for the Orb.
     0 | D:1      | Reached XP level 1. HP: 18/18 MP: 1/1
   151 | D:1      | Reached XP level 2. HP: 24/24 MP: 2/2
   501 | D:2      | Noticed Jessica
   506 | D:2      | Killed Jessica
   506 | D:2      | Reached XP level 3. HP: 28/29 MP: 3/3
   986 | D:2      | Found a white marble altar of Elyvilon.
   990 | D:2      | Reached ** piety under Trog
  1260 | D:2      | Found a runed door.
  1265 | D:2      | Noticed Crazy Yiuf
  1271 | D:2      | Killed Crazy Yiuf
  1271 | D:2      | Reached XP level 4. HP: 33/37 MP: 4/4
  1593 | D:3      | Found a white marble altar of Elyvilon.
  1638 | D:3      | Found a radiant altar of Vehumet.
  1667 | D:3      | Reached XP level 5. HP: 39/42 MP: 5/5
  2020 | D:3      | Reached skill level 1 in Evocations
  2234 | D:3      | Found a shattered altar of Ashenzari.
  2487 | D:3      | Noticed Grinder
  2512 | D:3      | Paralysed by Grinder for 4 turns
  2518 | D:3      | HP: 1/42 [Grinder (10)]
  2538 | D:3      | Killed Grinder
  2538 | D:3      | Reached XP level 6. HP: 22/49 MP: 7/7
  2961 | D:4      | Reached XP level 7. HP: 19/55 MP: 8/8
  3169 | D:4      | Reached *** piety under Trog
  3475 | D:4      | HP: 2/55 [orc priest/divine providence (17)]
  3477 | D:4      | Killed from afar by an orc priest

Vault maps used:
D:1:      minmay_arrival_semitransparent
D:2:      first_bread, elyvilon_altar_5, uniq_jessica, uniq_crazy_yiuf_cottage
D:3:      old_standard_altar, lemuel_round_altar, old_standard_altar,
          uniq_grinder
D:4:      minmay_opposing_rooms, gammafunk_temple_overflow_wave,
          minmay_goblin_outpost

Skill      XL: |  1  2  3  4  5 |
---------------+----------------+-----
Axes           | 3 4 |  4.5
Armour         | 2 3 |  3.3
Fighting       | 4 |  4.7
Evocations     | 2 |  2.4
Dodging        | |  1.5

Action                   |  1- 3 |  4- 6 |  7- 9 || total
-------------------------+-------+-------+-------++-------
Melee: Hand axe          |   103 |   249 |    86 ||   438
Invok: Trog's Hand       |     1 |     3 |     1 ||     5
  Use: Scroll            |     6 |     2 |       ||     8
Armor: Animal skin       |    19 |       |       ||    19
       Leather armour    |     6 |    90 |    22 ||   118
Dodge: Dodged            |    59 |   137 |    41 ||   237
